 Dungeon Crawl Stone Soup version 0.26-a0-110-g95b6527cb0 (webtiles) character file.

Game seed: 1074594774658306975

5 Gargoyl the Skirmisher (level 1, -2/19 HPs)
             Began as a Centaur Abyssal Knight on June 23, 2020.
             Was a Follower of Lugonu.
             Slain by a thrashing horror (12 damage)
             ... on level 1 of the Abyss.
             The game lasted 00:00:35 (220 turns).

Gargoyl the Skirmisher (Centaur Abyssal Knight)      Turns: 220, Time: 00:00:36

Health: -2/19      AC:  5    Str: 14    XL:     1   Next: 66%
Magic:  10/11      EV:  6    Int: 11    God:    Lugonu [*.....]
Gold:   7          SH:  0    Dex:  8    Spells: 0/0 levels left

rFire    . . .     SeeInvis .   a - +1 hand axe
rCold    . . .     Faith    .   (no shield)
rNeg     . . .     Spirit   .   b - +1 leather armour
rPois    .         Reflect  .   (no helmet)
rElec    .         Harm     .   (no cloak)
rCorr    .                      (no gloves)
MR       .....                  (no barding)
Stlth    ..........             (no amulet)
HPRegen  0.06/turn              d - ring of magical power
MPRegen  0.12/turn              (no ring)

@: constricted, very quick
A: large, hooves 3, deformed body, speed 2, tough skin 3
a: Depart the Abyss, Renounce Religion


You were on level 1 of the Abyss.
You worshipped Lugonu.
Lugonu was aware of your devotion.
You were not hungry.

You visited 0 branches of the dungeon, and saw 0 of its levels.
You visited the Abyss 1 time.

You collected 7 gold pieces.

Inventory:

Hand Weapons
 a - a +1 hand axe (weapon)
Armour
 b - a +1 leather armour (worn)
Jewellery
 d - a ring of magical power (left hand)
Comestibles
 c - a ration


   Skills:
 + Level 3.4 Fighting
 + Level 1.7 Axes
 + Level 1.3 Armour
 + Level 0.6 Dodging
 + Level 2.0 Invocations


You couldn't memorise any spells.
You didn't know any spells.
Your spell library was empty.

Dungeon Overview and Level Annotations

Branches:
Dungeon (0/15)

Altars:


Innate Abilities, Weirdness & Mutations

You have hooves in place of feet.
Armour fits poorly on your strangely shaped body.
You cover ground very quickly.
You have extremely tough skin. (AC +3)


Message History

e - a scroll labeled IGUR BEJU
As you read the scroll labeled IGUR BEJU, it crumbles to dust.
It is a scroll of enchant armour.
Your +0 leather armour glows green for a moment.
That item cannot be evoked!
A thrashing horror comes into view.
The thrashing horror roars!
A tentacled starspawn comes into view.
The thrashing horror closely misses you.
The thrashing horror tramples you.
You stumble backwards!
Tentacles burst from the starspawn's body! 2 starspawn tentacles come into view.
The thrashing horror barely misses you.
The thrashing horror tramples you but does no damage.
The thrashing horror roars!
You hear a roar!
You hear a shout!
A balrug comes into view. It is wielding a +0 demon whip.
The starspawn tentacle grabs you. The starspawn tentacle constricts you.
The thrashing horror tramples you!
Ouch! That really hurt!
You die...

.. ## .. .... .# .# #
... ...###. . # ....
...#.. #..2###.... # #
..X─.#.... ... .
...\\....# .#...# #
....\\...# ...#.
.....ww@.##....# ## ##
.....#.X.....## ..#....
#.. ##..##...#.... ..#.
.
...#..........##...#..
...........##.##.#.##..
..........#...#.. .#...
........#..####. .##..#
....#....#....##....#..
...###....#...#...#..#


You could see a tentacled starspawn, a balrug, a thrashing horror and 2
starspawn tentacles.

Vanquished Creatures
  An ufetubus (Abyss:1)
1 creature vanquished.

Notes
Turn   | Place    | Note
-------+----------+-------------------------------------------
     0 | Abyss:1  | Gargoyl the Centaur Abyssal Knight began the quest for the
                  | Orb.
     0 | Abyss:1  | Reached XP level 1. HP: 19/19 MP: 2/2
    99 | Abyss:1  | Noticed a large abomination
   153 | Abyss:1  | Noticed a small abomination
   216 | Abyss:1  | Noticed a thrashing horror
   218 | Abyss:1  | Noticed a tentacled starspawn
   220 | Abyss:1  | Noticed a balrug
   220 | Abyss:1  | Slain by a thrashing horror

Illustrated notes

Levels and vault maps discovered:
Abyss:1:  evilmike_abyss_exit_mutagenic

Action                   || total
-------------------------++-------
Melee: Hand axe          ||     4
  Use: Scroll            ||     1
Armor: Leather armour    ||     5
Dodge: Dodged            ||     7

Table legend:
 A = Non-vault XP
 B = Vault XP
 C = Vault XP percentage of total XP
 D = Non-vault monster count
 E = Vault monster count
 F = Vault count percentage of total count
                 A         B        C        D         E       F
            +---------+---------+-------+---------+---------+-------
      Total |       8 |       0 |   0.0 |       1 |       0 |   0.0
            +---------+---------+-------+---------+---------+-------
    Abyss:1 |       8 |       0 |   0.0 |       1 |       0 |   0.0
            +---------+---------+-------+---------+---------+-------
